 Dungeon Crawl Stone Soup version 0.21-a0-504-g2eda330 (webtiles) character file.

62 tof the Twirler (level 3, -3/28 HPs)
             Began as a Demonspawn Gladiator on Nov 26, 2017.
             Slain by Crazy Yiuf
             ... wielding a +3 quarterstaff of chaos
              (7 damage)
             ... while paralysed by Crazy Yiuf
             ... on level 2 of the Dungeon.
             The game lasted 00:02:17 (2102 turns).

tof the Twirler (Demonspawn Gladiator)              Turns: 2102, Time: 00:02:18

Health: -3/28      AC:  5    Str: 14    XL:     3   Next: 85%
Magic:  12/12      EV:  2    Int:  9    God:
Gold:   31         SH:  0    Dex: 15    Spells: 2/2 levels left

rFire    . . .     SeeInvis .   a - +0 quarterstaff
rCold    . . .     Gourm    .   (shield currently unavailable)
rNeg     . . .     Faith    .   j - +0 ring mail
rPois    .         Spirit   .   (helmet restricted)
rElec    .         Reflect  .   (no cloak)
rCorr    .         Harm     .   (no gloves)
MR       .....                  (no boots)
Stlth    +.........             (no amulet)
HPRegen  0.09/turn              l - ring of magical power
MPRegen  0.13/turn              h - +6 ring of slaying

@: paralysed
A: horns 1
a: no special abilities


You were on level 2 of the Dungeon.
You were not hungry.

You visited 1 branch of the dungeon, and saw 2 of its levels.

You collected 31 gold pieces.

Inventory:

Hand Weapons
 a - a +0 quarterstaff (weapon)
Missiles
 d - 3 throwing nets
 i - 30 stones (quivered)
Armour
 b - a +0 leather armour
 c - a +0 helmet
 j - a +0 ring mail (worn)
Jewellery
 h - a +6 ring of slaying (right hand)
 l - a ring of magical power (left hand)
Scrolls
 e - a scroll of enchant armour {unknown}
 n - a scroll of amnesia {unknown}
Potions
 m - a potion of flight {unknown}
Comestibles
 f - 2 bread rations
 g - 2 meat rations


   Skills:
 + Level 2.6 Fighting
 * Level 3.6 Staves
 - Level 1.7 Throwing
 + Level 3.2 Dodging


You had 2 spell levels left.
You didn't know any spells.

Dungeon Overview and Level Annotations

Branches:
Dungeon (2/15)

Altars:

Annotations:
D:2 Crazy Yiuf


Innate Abilities, Weirdness & Mutations

You have a pair of small horns on your head.


Message History

You throw a stone. The stone hits Crazy Yiuf!
Crazy Yiuf is heavily wounded.
You hit Crazy Yiuf. Your headbutt misses Crazy Yiuf.
Crazy Yiuf is almost dead.
Crazy Yiuf says, "Announcement!
Dawk sing-song koolooloo."
Crazy Yiuf hits you with a quarterstaff of chaos.
You closely miss Crazy Yiuf.
Crazy Yiuf is almost dead.
Crazy Yiuf hits you with a quarterstaff of chaos!
You suddenly lose the ability to move!
Crazy Yiuf hits you with a quarterstaff of chaos!
Crazy Yiuf freezes you.
Crazy Yiuf hits you with a quarterstaff of chaos.
* * * LOW HITPOINT WARNING * * *
Crazy Yiuf freezes you.
* * * LOW HITPOINT WARNING * * *
Crazy Yiuf hits you with a quarterstaff of chaos.
* * * LOW HITPOINT WARNING * * *
Crazy Yiuf hits you with a quarterstaff of chaos!
You die...

# #
############
#####
#...........
#)(.#
#.##########
#.(.# #.#
.(. #.# #g#
#.# ♣@♣♣ #.#
♣♣.♣ #.#
♣.♣♣ #.#
♣♣.♣ #.#
♣♣.♣♣ #.#
♣♣)..♣ #.#
♣.)..♣ #.#
#....# #.#
##..####.#


You could see Crazy Yiuf.

Vanquished Creatures
  Robin (D:2)
  A worm (D:2)
  A dart slug (D:1)
  2 leopard geckos (D:1)
  A giant cockroach (D:1)
  9 goblins
  9 hobgoblins
  7 kobolds
  3 bats
  A frilled lizard (D:1)
  5 rats (D:1)
40 creatures vanquished.

Notes
Turn   | Place    | Note
-------+----------+-------------------------------------------
     0 | D:1      | tof the Demonspawn Gladiator began the quest for the Orb.
     0 | D:1      | Reached XP level 1. HP: 16/16 MP: 1/1
   485 | D:1      | Gained mutation: You have a pair of small horns on your head. [demonic ancestry]
   485 | D:1      | Reached XP level 2. HP: 22/22 MP: 2/2
  1187 | D:1      | Reached XP level 3. HP: 28/28 MP: 3/3
  1729 | D:2      | Noticed Robin
  1752 | D:2      | Killed Robin
  2089 | D:2      | Found a runed door.
  2093 | D:2      | Noticed Crazy Yiuf
  2098 | D:2      | Paralysed by Crazy Yiuf for 5 turns
  2102 | D:2      | Slain by Crazy Yiuf

Vault maps used:
D:1:      grunt_arrival_lava_bath
D:2:      zin_angel, uniq_robin, uniq_crazy_yiuf_cottage, uniq_natasha

Skill      XL: |  1  2 |
---------------+-------+-----
Staves         | 3 |  3.6
Dodging        | 3 |  3.2
Fighting       | |  2.6
Throwing       | |  1.7

Action                   || total
-------------------------++-------
Melee: Quarterstaff      ||    86
       Headbutt          ||     9
Throw: Stone             ||    11
  Eat: Chunk             ||     4
Armor: Leather armour    ||    18
       Ring mail         ||     3
Dodge: Dodged            ||    68

Table legend:
 A = Spawn XP
 B = Non-spawn XP
 C = Spawn XP percentage of total XP
 D = Spawn monster count
 E = Non-spawn monster count
 F = Spawn count percentage of total count
 G = Total turns spent on level
                    A         B        C        D         E        F      G
               +---------+---------+-------+---------+---------+-------+---------
         Total |       0 |      89 |   0.0 |       0 |      40 |   0.0 |  2102
               +---------+---------+-------+---------+---------+-------+---------
           D:1 |       0 |      46 |   0.0 |       0 |      26 |   0.0 |  1631
           D:2 |       0 |      43 |   0.0 |       0 |      14 |   0.0 |   471
               +---------+---------+-------+---------+---------+-------+---------
